 Dungeon Crawl Stone Soup version 0.27-a0-1317-gd1140b374c (webtiles) character file.

Game seed: 9556946417914954896

2292 27snakeeyes612 the Shield-Bearer (level 9, -7/57 HPs)
             Began as a Gargoyle Fighter on June 21, 2021.
             Mangled by Maggie (10 damage)
             ... on level 7 of the Dungeon.
             The game lasted 00:05:12 (7184 turns).

27snakeeyes612 the Shield-Bearer (Gargoyle Fighter) Turns: 7184, Time: 00:05:12

Health: -7/57      AC: 17    Str: 22    XL:     9   Next: 40%
Magic:  9/9        EV:  6    Int: 10    God:
Gold:   316        SH: 12    Dex:  9    Spells: 8/8 levels left

rFire    . . .     SeeInvis .   a - +0 war axe
rCold    . . .     Faith    .   c - +1 kite shield
rNeg     + . .     Spirit   .   i - +0 chain mail
rPois    ∞         Reflect  .   (no helmet)
rElec    +         Harm     .   (no cloak)
rCorr    .         Rampage  .   (no gloves)
Will     .....                  (no boots)
Stlth    ..........             (no amulet)
HPRegen  0.19/turn              h - +4 ring of slaying
MPRegen  0.11/turn              (no ring)

@: mighty
A: sickness immunity, AC +6, negative energy resistance 1, electricity
resistance, torment resistance 1, petrification resistance
a: no special abilities


You were on level 7 of the Dungeon.
You visited 1 branch of the dungeon, and saw 7 of its levels.

You collected 316 gold pieces.

Inventory:

Hand Weapons
 a - a +0 war axe (weapon)
Missiles
 r - a throwing net (quivered)
Armour
 b - a +0 scale mail
 c - a +1 kite shield (worn)
 i - a +0 chain mail (worn)
Jewellery
 h - a +4 ring of slaying (left hand)
Wands
 j - a wand of polymorph (11)
 k - a wand of flame (30)
Scrolls
 o - 4 scrolls of identify
 p - 2 scrolls of teleportation
Potions
 d - 3 potions of flight
 e - a potion of invisibility {unknown}
 f - a potion of mutation {unknown}
 g - 7 potions of curing {unknown}
 l - a potion of attraction {unknown}
 m - a potion of might
 n - a potion of haste {unknown}
 q - 2 potions of brilliance {unknown}
 s - a potion of magic {unknown}


   Skills:
 + Level 7.5 Fighting
 + Level 5.7 Axes
 + Level 7.5 Armour
 + Level 7.5 Shields


You had 8 spell levels left.
You didn't know any spells.
Your spell library contained the following spells:

 Spells                   Type           Power      Damage    Failure   Level
 Animate Skeleton         Necr           0%         N/A       100%        1
 Pain                     Necr           0%         1d4       100%        1
 Vampiric Draining        Necr           0%         2d6       100%        3
 Animate Dead             Necr           0%         N/A       100%        4
 Agony                    Necr           0%         N/A       100%        5


Dungeon Overview and Level Annotations

Branches:
Dungeon (7/15)
 Temple: D:4-7

Altars:
Gozag
Hepliaklqana

Shops:
D:1 (

Annotations:
D:7 Maggie


Innate Abilities, Weirdness & Mutations

You are immune to sickness and miasma.
Your stone body is resilient. (AC +6)
You are immune to poison.
You resist negative energy. (rN+)
You are resistant to electric shocks. (rElec)
You are resistant to unholy torment.
You are immune to petrification.


Message History

Maggie mumbles the words to a spell, but in the wrong order.
Maggie hits you with a +1 scimitar of flaming!
Maggie burns you.
You hit Maggie.
Maggie is lightly wounded.
Maggie hits you with a +1 scimitar of flaming.
Maggie burns you.
Maggie hits you with a +1 scimitar of flaming.
Maggie burns you.
You closely miss Maggie.
Maggie is lightly wounded.
Maggie casts a spell at you. The bolt of fire hits you!
* * * LOW HITPOINT WARNING * * *
You are too injured to fight recklessly!
You are too injured to fight recklessly!
You are too injured to fight recklessly!
You are too injured to fight recklessly!
You are too injured to fight recklessly!
You are too injured to fight recklessly!
You are too injured to fight recklessly!
You are too injured to fight recklessly!
You are too injured to fight recklessly!
You are too injured to fight recklessly!
You are too injured to fight recklessly!
You are too injured to fight recklessly!
You feel very mighty all of a sudden.
Maggie gives herself a magical halo, but it quickly sputters out.
Maggie gestures at you while chanting. The bolt of fire hits you!
* * * LOW HITPOINT WARNING * * *
You slash Maggie!
Maggie is lightly wounded.
You break out of your daze.
Maggie casts a spell.
Maggie attempts to bespell you! You resist.
You barely miss Maggie.
Maggie is lightly wounded.
Maggie hits you with a +1 scimitar of flaming!
You die...

###♣ ##... #... #..
#@# #@# #######.#
#.....).# ##.###.###
.... #..###########
#.#>#..#.#.#.#.#.#.##
#...................#
###..#.#.#.#.#.#.#.#
#.#..............


You could see Maggie.

Vanquished Creatures
  A wyvern (D:6)
  Edmund (D:4)
  2 water moccasins (D:6)
  2 ice beasts (D:6)
  2 sky beasts
  2 phantoms
  Blork the orc (D:6)
  3 bullfrogs
  A scorpion (D:4)
  A wyvern zombie (D:7)
  A gnoll sergeant (D:6)
  3 wights (D:4)
  A howler monkey (D:5)
  A bullfrog zombie (D:6)
  A centaur zombie (D:4)
  A bullfrog skeleton (D:4)
  2 hounds
  An orc priest (D:6)
  A centaur skeleton (D:5)
  An iguana (D:6)
  3 jellies (D:4)
  2 orc wizards
  A hound skeleton (D:4)
  A howler monkey zombie (D:5)
  Robin (D:2)
  7 gnolls
  9 adders
  A shadow imp (D:6)
  A white imp (D:7)
  An ufetubus (D:4)
  An adder zombie (D:5)
  A worm (D:4)
  4 dart slugs
  11 orcs
  8 bats
  9 endoplasms
  2 giant cockroaches
  13 goblins
  11 hobgoblins
  5 jackals
  3 kobolds
  3 quokkas
  4 ball pythons
  4 frilled lizards
  A quokka skeleton (D:4)
  9 rats
145 creatures vanquished.

Vanquished Creatures (others)
  12 plants
12 creatures vanquished.

Grand Total: 157 creatures vanquished

Notes
Turn   | Place    | Note
-------+----------+-------------------------------------------
     0 | D:1      | 27snakeeyes612 the Gargoyle Fighter began the quest for the
                  | Orb.
     0 | D:1      | Reached XP level 1. HP: 14/14 MP: 1/1
    89 | D:1      | Found a faded altar of an unknown god.
   258 | D:1      | Found Kioham's Antique Weapon Emporium.
   266 | D:1      | Reached XP level 2. HP: 17/19 MP: 2/2
   566 | D:1      | Reached XP level 3. HP: 22/24 MP: 3/3
  1158 | D:2      | Noticed Robin
  1163 | D:2      | Reached XP level 4. HP: 15/29 MP: 4/4
  1174 | D:2      | Killed Robin
  2006 | D:2      | Reached XP level 5. HP: 32/33 MP: 5/5
  3093 | D:4      | Reached XP level 6. HP: 37/39 MP: 6/6
  3646 | D:4      | Reached skill level 5 in Fighting
  3646 | D:4      | Reached skill level 5 in Armour
  3688 | D:4      | Reached skill level 5 in Shields
  3699 | D:4      | Reached XP level 7. HP: 30/44 MP: 7/7
  3963 | D:4      | Noticed Edmund
  3970 | D:4      | Killed Edmund
  4579 | D:5      | Entered Level 5 of the Dungeon
  4603 | D:5      | Reached XP level 8. HP: 51/51 MP: 8/8
  5606 | D:6      | Reached skill level 5 in Axes
  5648 | D:6      | Reached XP level 9. HP: 52/57 MP: 9/9
  5681 | D:6      | Found an opulent altar of Gozag.
  6525 | D:6      | Found a faded altar of an unknown god.
  6526 | D:6      | Noticed Blork the orc
  6527 | D:6      | Found a hazy altar of Hepliaklqana.
  6535 | D:6      | Killed Blork the orc
  7174 | D:7      | Noticed Maggie
  7182 | D:7      | HP: 2/57 [Maggie/bolt of fire (13)]
  7184 | D:7      | Mangled by Maggie

Illustrated notes

Levels and vault maps discovered:
D:1:      mainiacjoe_arrival_reflecting_pool, layout_loops_ring,
          basic_ecumenical_altar, serial_shops, nicolae_shop_overgrown_old_shop
D:2:      layout_basic, grunt_ministairs_15, uniq_robin
D:3:      layout_rooms
D:4:      layout_basic, hangedman_decor_slide_cut, minmay_quadrilaterals,
          uniq_edmund
D:5:      layout_rooms
D:6:      layout_basic, beargit_hepliaklqana_dungeon_heroes,
          nicolae_overflow_crystal_walls
D:7:      layout_loops_ring, vehumet_crystals, lemuel_tele_altar,
          nicolae_wu_jian_wuxing_cycle, temple_fountains, serial_bayou_pond_a,
          amcnicky_mini_corridor_feature, kennysheep_crisscross,
          mrwooster_statue_mirror, serial_bayou_lagoon_a,
          uniq_crazy_yiuf_cottage, uniq_maggie

Skill      XL: |  1  2  3  4  5  6  7  8 |
---------------+-------------------------+-----
Axes           | 2 3 4 5 |  5.7
Fighting       | 4 5 7 |  7.5
Armour         | 4 5 7 |  7.5
Shields        | 4 5 7 |  7.5

Action                   |  1- 3 |  4- 6 |  7- 9 || total
-------------------------+-------+-------+-------++-------
Melee: War axe           |   121 |   154 |   205 ||   480
       Unarmed           |       |       |     3 ||     3
Throw: Throwing net      |       |       |     1 ||     1
  Use: Potion            |       |     2 |     1 ||     3
       Scroll            |       |     4 |     2 ||     6
Armor: Scale mail        |    86 |    82 |       ||   168
       Chain mail        |       |    22 |   120 ||   142
Dodge: Dodged            |    45 |    52 |    46 ||   143
Block: Kite shield       |    72 |   100 |   118 ||   290

Table legend: (Time is in decaauts)
 A = Elapsed time spent in this place.
 B = Non-inter-level travel time spent in this place.
 C = Inter-level travel time spent in this place.
 D = Time resting spent in this place.
 E = Time spent auto-exploring this place.
 F = Levels seen in this place.
 G = Mean time per level.
                   A        B        C        D        E       F      G
               +--------+--------+--------+--------+--------+-----+--------+
         Total |   7433 |   7178 |    255 |    856 |   5079 |   7 | 1061.9 |
       Dungeon |   7433 |   7178 |    255 |    856 |   5079 |   7 | 1061.9 |
               +--------+--------+--------+--------+--------+-----+--------+

Top non-repeatable levels by time:
     D:6: 1909 daAuts
     D:4: 1544 daAuts
     D:1: 1490 daAuts
     D:2: 948 daAuts
     D:3: 766 daAuts
     D:5: 505 daAuts
     D:7: 268 daAuts
